AoeStats
← Mr_Bird

Black Forest

509411044Analyzed
2v2 RM · 5d ago on Sep 26, 2026· 81m 53s· 4 players
Game mode
Random Map
Map size
Medium (4 player)
Population
200
Speed
Normal
Resources
Standard
Victory
Conquest
Starting age
Dark Age
Ending age
Imperial Age
RankedLock teamsTeams togetherTeam positionsShared explorationLock speedFull tech treeHidden civsTurbo modeCheats
Victory
Defeat
🇺🇸 Celts · United States
1317
+14
🇨🇴 Mongols · Colombia
1273
+15
🇦🇷 Bohemians · Argentina
1285
-15
🇵🇪 Goths · Peru
1252
-14
Mr_Bird
2:27 Loom
11:30 Feudal Age
12:41 Double-Bit Axe
12:38 Horse Collar
13:43 Man-at-Arms
17:14 Wheelbarrow
16:43 Scale Mail Armor
17:59 Forging
24:23 Castle Age
25:34 Bow Saw
25:27 Heavy Plow
28:36 Hand Cart
28:07 Town Watch
29:15 Gold Mining
35:25 Imperial Age
35:03 Stone Mining
35:42 Chain Mail Armor
36:02 Iron Casting
36:43 Conscription
36:16 Elite Woad Raider
36:59 Arson
38:12 Plate Mail Armor
40:07 Blast Furnace
46:53 Heavy Scorpion
49:08 Furor Celtica
50:06 Hoardings
49:43 Masonry
51:47 Coinage
51:18 Caravan
51:44 Onager
53:25 Banking
56:37 Fletching
57:15 Bodkin Arrow
57:28 Siege Engineers
59:59 Chemistry
59:26 Siege Onager
64:53 Capped Ram
Zaino_64
0:49 Loom
11:59 Feudal Age
13:28 Double-Bit Axe
16:24 Castle Age
16:56 Gold Mining
18:28 Bow Saw
20:35 Wheelbarrow
19:49 Horse Collar
34:16 Bloodlines
34:06 Husbandry
34:14 Scale Barding Armor
34:22 Forging
34:25 Light Cavalry
40:19 Stone Mining
44:51 Chain Barding Armor
45:55 Gold Shaft Mining
46:15 Hand Cart
47:28 Caravan
50:15 Imperial Age
50:35 Heavy Scorpion
52:19 Chemistry
51:26 Siege Engineers
52:35 Hussar
55:11 Stone Shaft Mining
54:38 Heavy Plow
55:01 Conscription
55:31 Drill
56:02 Iron Casting
58:48 Town Watch
58:57 Elite Steppe Lancer
64:51 Ballistics
64:42 Masonry
67:44 Blast Furnace
66:35 Fletching
70:39 Pikeman
71:19 Squires
70:40 Man-at-Arms
71:06 Arson
71:04 Elite Mangudai
72:21 Hoardings
72:41 Elite Mangudai
76:07 Hoardings
77:59 Bodkin Arrow
81:46 Bodkin Arrow
EiM | Fenix_ArG!
0:43 Loom
12:39 Feudal Age
16:07 Castle Age
14:11 Double-Bit Axe
15:35 Horse Collar
17:33 Padded Archer Armor
18:43 Chemistry
25:11 Fervor
26:53 Sanctity
29:13 Wheelbarrow
32:26 Imperial Age
32:32 Imperial Age
29:35 Crossbowman
30:42 Town Watch
31:30 Fletching
31:51 Heavy Plow
32:02 Bow Saw
34:00 Leather Archer Armor
33:44 Bodkin Arrow
34:05 Leather Archer Armor
36:43 Bracer
37:13 Ring Archer Armor
37:34 Ballistics
38:57 Arbalester
40:02 Conscription
44:35 Fortified Wall
45:05 Masonry
48:07 Ring Archer Armor
53:53 Scale Mail Armor
54:03 Forging
53:56 Pikeman
54:53 Chain Mail Armor
55:34 Squires
56:22 Iron Casting
58:47 Blast Furnace
58:18 Plate Mail Armor
58:48 Blast Furnace
59:44 Arson
63:11 Two-Man Saw
62:40 Halberdier
65:01 Plate Mail Armor
66:39 Houfnice
66:51 Elite Skirmisher
MaxTorres04
9:33 Feudal Age
9:56 Man-at-Arms
10:33 Double-Bit Axe
14:03 Horse Collar
17:29 Wheelbarrow
21:51 Castle Age
20:10 Gold Mining
20:08 Town Watch
20:52 Scale Mail Armor
22:08 Forging
21:48 Fletching
22:14 Long Swordsman
28:41 Hand Cart
29:43 Bow Saw
29:59 Stone Mining
30:12 Heavy Plow
31:33 Iron Casting
31:13 Chain Mail Armor
31:57 Loom
36:41 Imperial Age
34:53 Town Patrol
37:11 Stone Shaft Mining
37:13 Chain Mail Armor
37:22 Ballistics
36:42 Treadmill Crane
37:16 Anarchy
37:27 Perfusion
38:39 Chemistry
37:22 Two-Handed Swordsman
38:03 Squires
38:49 Elite Huskarl
40:07 Champion
43:36 Blast Furnace
46:21 Pikeman
47:07 Caravan
47:37 Coinage
46:55 Halberdier
49:13 Crossbowman
51:16 Two-Man Saw
56:48 Guilds
57:09 Banking
63:31 Bodkin Arrow
63:36 Padded Archer Armor
63:42 Scale Barding Armor
64:20 Husbandry
63:41 Light Cavalry
64:45 Bloodlines
66:34 Hussar
Connection lost

Rejoining the realm…

Still unreachable

The connection could not be restored.

Session expired

The server has moved on; the page needs a fresh start.